 Dungeon Crawl Stone Soup version 0.18-a0-1121-gb454403 (webtiles) character file.

133 ater218 the Skirmisher (level 4, -5/35 HPs)
             Began as a Demonspawn Fighter on Jan 18, 2016.
             Splashed by a jelly's acid (11 damage)
             ... on level 3 of the Dungeon.
             The game lasted 00:08:09 (1581 turns).

ater218 the Skirmisher (Demonspawn Fighter)         Turns: 1581, Time: 00:08:09

Health: -5/35      AC: 12    Str: 17    XL:     4   Next: 94%
Magic:  4/4        EV:  4    Int:  9    God:
Gold:   123        SH:  9    Dex: 12    Spells: 0 memorised, 3 levels left

rFire  . . .     SeeInvis .     j - +2 spear (flame)
rCold  . . .     Gourm    .     o - +3 chain mail
rNeg   . . .     Faith    .     c - +0 shield
rPois  .         Spirit   .     (helmet restricted)
rElec  .         Dismiss  .     (no cloak)
rCorr  .         Reflect  .     (no gloves)
SustAt .         Harm     .     (no boots)
MR     .....                    (no amulet)
Stlth  ..........               (no ring)
                                (no ring)

@: corroded equipment, very slightly contaminated, not resistant to hostile
enchantments, extremely unstealthy
A: antennae 1, rough black scales 1
a: no special abilities


You were on level 3 of the Dungeon.
You were not hungry.

You visited 1 branch of the dungeon, and saw 3 of its levels.

You collected 123 gold pieces.

Inventory:

Hand Weapons
 j - a +2 spear of flaming (weapon)
Armour
 c - a +0 shield (worn)
 o - a +3 chain mail (worn)
Scrolls
 b - a scroll of teleportation
 e - 2 scrolls of identify
 i - a scroll of amnesia
Potions
 d - 2 potions of might
 k - 2 potions of curing
Comestibles
 a - 4 fruits
 f - 2 bread rations
 g - 2 chunks of flesh
 p - a meat ration


   Skills:
 + Level 3.5 Fighting
   Level 2.2 Maces & Flails
 * Level 1.7 Polearms
 + Level 3.5 Armour
 + Level 3.3 Shields


You had 3 spell levels left.
You didn't know any spells.

Dungeon Overview and Level Annotations

Branches:
Dungeon (3/15)

Altars:
Kikubaaqudgha


Innate Abilities, Weirdness & Mutations

You have a pair of small antennae on your head.
You are partially covered in rough black scales (AC +4, Dex -1).


Message History

You block the jelly's attack. You block the hobgoblin's attack.
You hit the jelly. You burn the jelly.
Your hands burn!
* * * LOW HITPOINT WARNING * * *
The jelly is severely wounded.
The jelly barely misses you. The hobgoblin barely misses you.
There is a large open door here.
Things that are here:
a club; a hobgoblin corpse You hit the jelly but do no damage.
Your hands burn!
* * * LOW HITPOINT WARNING * * *
The jelly is severely wounded.
The jelly barely misses you.
Blink to where?
Press: ? - help, Dir - move target cursor You are very lightly contaminated with residual magic.
As you read the scroll of blinking, it crumbles to dust.
The jelly hits you.
* * * LOW HITPOINT WARNING * * *
You are splashed with acid!
The acid burns!
You die...

##......#...................#
#..?............##..###.....#
####.#....####...........#.....#
...>...#### #...8...##.#.....#
####.### ##..8.8..##..######
###..# #..8._.8......#####
....## #...8.8............ ....#
####....8...#......... ....#
#.....@.....#.......... ..).#
#......J..###.......... ....#
#........g............. #####
#...........#..........
#############.........
#≈≈≈≈≈≈≈≈# #.........
#≈##..##≈####g........
#≈##..##≈#............
#≈..)...≈#.###########


You could see a jelly and a hobgoblin.

Vanquished Creatures
  3 gnolls (D:2)
  2 adders
  3 oozes
  A worm (D:2)
  5 giant geckos
  An orc (D:3)
  7 bats
  A giant cockroach (D:1)
  5 goblins
  16 hobgoblins
  4 jackals (D:2)
  A ball python (D:3)
  3 giant newts
  6 kobolds
  6 rats
64 creatures vanquished.

Notes
Turn   | Place    | Note
--------------------------------------------------------------
     0 | D:1      | ater218 the Demonspawn Fighter began the quest for the Orb.
     0 | D:1      | Reached XP level 1. HP: 18/18 MP: 1/1
   100 | D:1      | Gained mutation: You have a pair of small antennae on your head. [demonic ancestry]
   100 | D:1      | Reached XP level 2. HP: 24/24 MP: 2/2
   431 | D:1      | Gained mutation: You are partially covered in rough black scales (AC +4, Dex -1). [demonic ancestry]
   431 | D:1      | Reached XP level 3. HP: 22/29 MP: 3/3
   860 | D:2      | Reached XP level 4. HP: 25/35 MP: 4/4
   862 | D:2      | Reached skill level 1 in Polearms
  1166 | D:2      | Found an ancient bone altar of Kikubaaqudgha.
  1503 | D:3      | Found a faded altar to an unknown god.
  1581 | D:3      | Splashed by a jelly's acid

Vault maps used:
D:1:      matt_arrival_grand_opening
D:2:      lemuel_crystal_altar, grunt_decor_cap
D:3:      ecumenical_altar_2, kennysheep_generic_room_5

Action                   |  1- 3 |  4- 6 || total
-------------------------+-------+-------++-------
Melee: Flail             |    16 |       ||    16
       Spear             |    88 |    75 ||   163
  Use: Scroll            |     6 |     2 ||     8
       Potion            |     3 |       ||     3
  Eat: Chunk             |       |     2 ||     2
